 Seeded DCSS version 0.30-a0-394-g3e4acdb0ae (webtiles) character file.

Game seed: 20221201 (custom seed)

1311 Nerdsrcool the Conjurer (level 8, -1/37 HPs)
             Began as a Vine Stalker Conjurer on Dec 1, 2022.
             Slain by Maggie
             ... wielding a +0 glaive of flaming
              (5 damage)
             ... on level 6 of the Dungeon on Dec 6, 2022.
             The game lasted 00:21:19 (7036 turns).

Nerdsrcool the Conjurer (Vine Stalker Conjurer)     Turns: 7036, Time: 00:21:19

Health: -1/37      AC:  8    Str:  9    XL:     8   Next: 58%
Magic:  0/17       EV: 14    Int: 18    God:
Gold:   312        SH:  0    Dex: 16    Spells: 14/18 levels left

rFire   . . .      SeeInvis .    n - +4 club (spect)
rCold   . . .      Faith    .    (no shield)
rNeg    . . .      Spirit   +    a - +0 robe
rPois   .          Reflect  .    (no helmet)
rElec   .          Harm     .    (no cloak)
rCorr   .          Rampage  .    (no gloves)
Will    ++...                    b - +1 pair of boots
Stlth   +++.......               z - amulet of magic regeneration
HPRegen 1.06/turn                p - +4 ring of protection
MPRegen 0.55/turn                j - ring of willpower

@: lethally poisoned (-1 -> -1), mesmerised, slowed, very slow
A: fangs 3, regeneration 1, magic shield, antimagic bite, no potion heal 2
a: no special abilities


You were on level 6 of the Dungeon.
You visited 1 branch of the dungeon, and saw 6 of its levels.
You also visited: Sewer.

You collected 312 gold pieces.

Inventory:

Hand Weapons
 c - a +0 dagger
 k - a +1 halberd of pain
 n - a +4 spectral club (weapon)
 v - a +1 falchion of protection
 F - a +3 whip
Missiles
 E - 17 poisoned darts
 G - a curare-tipped dart
Armour
 a - a +0 robe (worn)
 b - a +1 pair of boots (worn)
Magical Staves
 C - a staff of cold
Jewellery
 d - an amulet of faith
 j - a ring of willpower (right hand)
 p - a +4 ring of protection (left hand)
 s - an amulet of the acrobat
 z - an amulet of magic regeneration (around neck)
 K - a ring of protection from cold
 L - a ring of resist corrosion
Wands
 m - a wand of charming (6)
 t - a wand of roots (1)
 u - a wand of flame (11)
 B - a wand of polymorph (10)
Scrolls
 h - a scroll of magic mapping
 o - a scroll of silence {unknown}
 x - a scroll of fear
 y - 5 scrolls of identify
 A - a scroll of enchant armour {unknown}
 D - a scroll of teleportation {unknown}
 J - a scroll of blinking
Potions
 e - 4 potions of heal wounds {unknown}
 f - 3 potions of curing
 g - a potion of might {unknown}
 i - a potion of attraction {unknown}
 l - 2 potions of brilliance {unknown}
 q - a potion of haste {unknown}
 r - a potion of resistance {unknown}
 w - a potion of degeneration {unknown}
 H - 3 potions of cancellation {unknown}
 I - a potion of magic


   Skills:
 + Level 1.6 Fighting
 + Level 1.0 Short Blades
 + Level 1.9 Maces & Flails
 + Level 4.1 Dodging
 + Level 4.2 Stealth
 + Level 5.5 Spellcasting
 + Level 6.8 Conjurations
 + Level 1.2 Evocations


You had 14 spell levels left.
You knew the following spells:

 Your Spells              Type           Power      Damage    Failure   Level
a - Magic Dart            Conj           100%       1d8       1%          1
b - Mephitic Cloud        Conj/Pois/Air  13%        N/A       14%         3

Your spell library contained the following spells:

 Spells                   Type           Power      Damage    Failure   Level
 Searing Ray              Conj           58%        2d6       1%          2
 Dazzling Flash           Conj/Hex       34%        N/A       10%         3
 Call Imp                 Summ           5%         N/A       19%         2
 Fulminant Prism          Conj/Hex       8%         3d7       30%         4
 Iskenderun's Mystic Bla  Conj/Tloc      17%        2d5       30%         4
 Summon Guardian Golem    Hex/Summ       5%         N/A       36%         3
 Orb of Destruction       Conj           14%        9d7       100%        7
 Spellforged Servitor     Conj/Summ      8%         N/A       100%        7


Dungeon Overview and Level Annotations

Branches:
Dungeon (6/15)              Sewer (visited)
 Temple: D:4-7

Altars:
Kikubaaqudgha
Uskayaw
Xom

Shops:
D:1 *   D:2 (

Annotations:
D:6 1 transporter, Maggie; blackman's ghost, weakling HuDe


Innate Abilities, Weirdness & Mutations

You have razor-sharp teeth.
Your natural rate of healing is unusually fast.
When hurt, damage is shared between your health and your magic reserves.
Your bite disrupts and absorbs the magic of your enemies.
Potions cannot restore your health.


Message History

Maggie burns you.
Aiming: Throw Flame
Press: ? - help, Q - select action, (/) - cycle Shift-Dir - straight line, f/p - Maggie
Aim: Maggie, wielding a +0 glaive of flaming and wearing +0 steam dragon scales (moderately wounded, 68% to hit)
The puff of flame hits Maggie.
Maggie is moderately wounded.
Maggie points at you and mumbles some strange words.
The bolt of fire hits you!!
Aiming: Polymorph
Press: ? - help, Q - select action, (/) - cycle Shift-Dir - straight line, f - black bear, p - Maggie
Aim: a black bear (will become a fire bat, a hornet, or a swamp drake, chance to affect: 51%)
The black bear evaporates and reforms as a hornet!
Maggie mumbles some strange words.
Maggie attempts to bespell you! You resist with some effort.
You hit the hornet.
The hornet is lightly wounded.
Your +4 spectral club hits the hornet!
The hornet barely misses you.
Maggie mumbles some strange words.
Maggie attempts to bespell you!
You easily resist.
The hornet barely misses you.
You barely miss the hornet.
The hornet is moderately wounded.
Your +4 spectral club hits the hornet.
The hornet stings you!
You are poisoned.
You feel yourself slow down.
Maggie gestures wildly while chanting.
Maggie attempts to bespell you!
You are mesmerised by Maggie!
The hornet stings you.
You feel as though you will be slow longer.
You hit the hornet but do no damage. You bite the hornet. You drain its power.
You feel invigorated.
The hornet is heavily wounded.
Your +4 spectral club hits the hornet!
You feel very sick. The hornet closely misses you.
Maggie hits you from afar with a +0 glaive of flaming!
* * * LOW HITPOINT WARNING * * *
Maggie burns you!
You die...

########### ####
#####..........
##...###..............
##.....##..............
#.......#.......^......
#............>..>...[..
#......................
##....@##..............
#....y................
#.$.@.(................
#........#########.....
.........##yhS....##....
...$.....#8Wo#.#..8#....
.........#..#..y#..#....
.........#.....y...#....
...©....#©...


You could see Maggie (mesmerising), 2 hornets, a water moccasin, a hound, an orc
wizard, blackman's ghost and a friendly +4 spectral club (summoned).

Vanquished Creatures
  A black bear (D:6)
  A phantom (D:6)
  4 kobold brigands
  A necrophage (D:6)
  3 bullfrogs
  3 scorpions
  A hound (D:4)
  An orc priest (D:4)
  2 jellies (D:6)
  Jessica (D:2)
  An iguana (D:4)
  2 gnolls (D:4)
  4 adders
  4 river rats (Sewer)
  A shadow imp (D:6)
  A white imp (D:6)
  An ufetubus (D:5)
  3 worms
  3 dart slugs
  8 orcs
  4 endoplasms
  14 giant cockroaches
  10 goblins
  11 hobgoblins
  A jackal (Sewer)
  11 ball pythons
  4 bats
  9 frilled lizards
  17 kobolds
  3 rats
130 creatures vanquished.

Vanquished Creatures (others)
  A black bear (D:4)
  2 gnolls (D:4)
  8 plants (Sewer)
11 creatures vanquished.

Grand Total: 141 creatures vanquished

Notes
Turn   | Place    | Note
-------+----------+-------------------------------------------
     0 | D:1      | Nerdsrcool the Vine Stalker Conjurer began the quest for
                  | the Orb.
     0 | D:1      | Reached XP level 1. HP: 9/9 MP: 4/4
    38 | D:1      | Found Viczosh's Assorted Antiques.
   299 | D:1      | Reached XP level 2. HP: 13/13 MP: 1/6
   851 | D:1      | You fall into a shaft and drop 1 floor!
   953 | D:2      | Reached XP level 3. HP: 4/16 MP: 4/7
  1471 | D:1      | Upgraded the game from 0.30-a0-381-g6ea064c7b4 to
                  | 0.30-a0-393-g54b8e3be05
  1572 | D:2      | Found a faded altar of an unknown god.
  1794 | D:2      | Found Zeuroe Edwi's Weapon Boutique.
  1805 | D:2      | Noticed Jessica
  1809 | D:2      | Killed Jessica
  1810 | D:2      | Gained mutation: Your natural rate of healing is unusually
                  | fast. [Vine Stalker growth]
  1810 | D:2      | Reached XP level 4. HP: 14/21 MP: 1/8
  3597 | D:3      | Learned a level 3 spell: Mephitic Cloud
  3749 | D:4      | Reached XP level 5. HP: 25/25 MP: 5/10
  3848 | D:4      | Reached skill level 1 in Short Blades
  3848 | D:4      | Reached skill level 5 in Conjurations
  3857 | D:4      | Reached XP level 6. HP: 29/29 MP: 7/12
  3953 | D:4      | Noticed a black bear
  5157 | D:5      | Entered Level 5 of the Dungeon
  5290 | D:5      | Found an ancient bone altar of Kikubaaqudgha.
  5310 | D:5      | Reached XP level 7. HP: 32/32 MP: 10/14
  5377 | D:5      | Found a shimmering altar of Xom.
  6185 | D:6      | Reached skill level 1 in Fighting
  6185 | D:6      | Reached skill level 6 in Conjurations
  6189 | D:6      | Reached skill level 1 in Evocations
  6189 | D:6      | Noticed blackman's ghost (weakling HuDe)
  6190 | D:6      | Noticed a hornet
  6200 | D:6      | Upgraded the game from 0.30-a0-393-g54b8e3be05 to
                  | 0.30-a0-394-g3e4acdb0ae
  6215 | D:6      | Found a transporter.
  6236 | D:6      | Found a glowing drain.
  6251 | Sewer    | Entered a sewer
  6338 | Sewer    | Reached skill level 1 in Maces & Flails
  6338 | Sewer    | Reached skill level 5 in Spellcasting
  6338 | Sewer    | Gained mutation: You have razor-sharp teeth. [Vine Stalker
                  | growth]
  6338 | Sewer    | Reached XP level 8. HP: 37/37 MP: 16/16
  6895 | D:6      | Found a hide-covered altar of Uskayaw.
  7023 | D:6      | Noticed Maggie
  7033 | D:6      | a black bear changed into a hornet
  7033 | D:6      | Noticed a hornet
  7036 | D:6      | Slain by Maggie

Illustrated notes

Levels and vault maps discovered:
D:1:      mrwooster_arrival_statue, layout_loops_corners, serial_shops,
          nicolae_shop_crystal, dreamdust_wishing_well
D:2:      minmay_roachtagon, layout_basic, serial_shops,
          nicolae_shop_hallway_plus, hellmonk_ecumenical_altar_heavens_door,
          kennysheep_generic_room_4, uniq_jessica
D:3:      layout_basic
D:4:      layout_basic, chequers_serial_rivers_marsh
D:5:      layout_basic, mainiacjoe_overflow_paths, kiku_gazebo_garden_becter
D:6:      layout_rooms, mainiacjoe_overflow_tiny_flanked,
          cheibrodos_sewer_entry_drain, gammafunk_ghost_arena, uniq_maggie

Skill      XL: |  1  2  3  4  5  6  7  8 |
---------------+-------------------------+-----
Dodging        | 2 3 4 |  4.1
Short Blades   | 1 |  1.0
Spellcasting   | 3 4 5 |  5.5
Conjurations   | 5 6 |  6.8
Stealth        | 3 4 |  4.2
Fighting       | 1 |  1.6
Evocations     | 1 |  1.2
Maces & Flails | 1 |  1.9

Action                   |  1- 3 |  4- 6 |  7- 9 || total
-------------------------+-------+-------+-------++-------
Melee: Dagger            |    61 |       |       ||    61
       Bite              |    12 |     9 |    20 ||    41
       Club              |       |    25 |    64 ||    89
       Punch             |       |     1 |     1 ||     2
 Cast: Magic Dart        |    67 |   137 |    94 ||   298
Evoke: Wand              |       |     6 |     2 ||     8
  Use: Potion            |     2 |       |       ||     2
       Scroll            |       |     7 |       ||     7
Armor: Robe              |    24 |    27 |    21 ||    72
Dodge: Dodged            |    94 |    45 |    60 ||   199

Table legend: (Time is in decaauts)
 A = Elapsed time spent in this place.
 B = Non-inter-level travel time spent in this place.
 C = Inter-level travel time spent in this place.
 D = Time resting spent in this place.
 E = Time spent auto-exploring this place.
 F = Levels seen in this place.
 G = Mean time per level.
                   A        B        C        D        E       F      G
               +--------+--------+--------+--------+--------+-----+--------+
         Total |   7221 |   7221 |      0 |    164 |   5899 |   7 | 1031.6 |
       Dungeon |   6455 |   6455 |      0 |    164 |   5328 |   6 | 1075.8 |
         Sewer |    766 |    766 |      0 |      0 |    571 |   1 |  766.0 |
               +--------+--------+--------+--------+--------+-----+--------+

Top non-repeatable levels by time:
     D:2: 1521 daAuts
     D:4: 1437 daAuts
     D:1: 1314 daAuts
     D:5: 1026 daAuts
     D:3: 892 daAuts
   Sewer: 766 daAuts
     D:6: 263 daAuts
